 Dungeon Crawl Stone Soup version 0.31-a0-1008-g5b978dac0e (webtiles) character file.

Game seed: 5133812624957587058

43 Azuregosa the Covert (level 3, -13/26 HPs)
             Began as an Octopode Delver on Nov 13, 2023.
             Mangled by a mummy (17 damage)
             ... in an ossuary.
             The game lasted 00:01:37 (141 turns).

Azuregosa the Covert (Octopode Delver)               Turns: 141, Time: 00:01:38

Health: -13/26     AC:  1    Str: 11    XL:     3   Next: 58%
Magic:  3/3        EV: 13    Int: 14    God:
Gold:   0          SH:  0    Dex: 13    Spells: 2/2 levels left

rFire   . . .        a - +0 falchion
rCold   . . .        (no shield)
rNeg    . . .        (helmet restricted)
rPois   .            (no amulet)
rElec   .            (no ring)
rCorr   .            (no ring)
SInv    .            (no ring)
Will    .....        (no ring)
Stlth   +++++        (no ring)
HPRegen 0.24/turn    (no ring)
MPRegen 0.08/turn    (no ring)
                     (no ring)

%: no passive effects
@: no status effects
A: almost no armour, amphibious, 8 rings, camouflage 1, gelatinous body 1,
(nimble swimmer 1), tentacles
a: no special abilities


You were in an ossuary.
You visited 1 branch of the dungeon, and saw 1 of its levels.
You also visited: Ossuary.

Inventory:

Hand Weapons
 a - a +0 falchion (weapon)
Wands
 f - a wand of digging (3)
Scrolls
 b - a scroll of fog
 d - a scroll of fear
Potions
 e - a potion of haste


   Skills:
 - Level 3.0 Fighting
 - Level 2.0 Long Blades
 - Level 2.0 Dodging
 + Level 8.2 Stealth


You had 2 spell levels left.
You didn't know any spells.
Your spell library was empty.

Dungeon Overview and Level Annotations

Branches:
Dungeon (5/15)            Ossuary (1/1)
 Temple: D:4-7

Altars:


Innate Abilities, Weirdness & Mutations

You cannot wear most types of armour.
You are amphibious.
You can wear up to eight rings at the same time.
Your skin changes colour to match your surroundings (Stealth+).
Your rubbery body absorbs attacks. (AC +1, EV +1)
((You are camouflaged when in or above water. (Stealth+)))
You have tentacles for arms and can constrict up to eight enemies at once.


Message History

The mummy is moderately damaged.
You constrict the mummy, but do no damage.
The mummy closely misses you.
You hit the mummy but do no damage.
You squeeze the mummy, but do no damage.
The mummy is moderately damaged.
You constrict the mummy, but do no damage.
You hit the mummy. You squeeze the mummy!
The mummy is almost destroyed.
You constrict the mummy. The mummy barely misses you.
You hit the mummy but do no damage.
The mummy is almost destroyed.
You constrict the mummy.
You destroy the mummy!
Your Stealth skill increases to level 8!
You slash the kobold zombie! Your grab misses the kobold zombie.
You tentacle-slap the kobold zombie.
You destroy the kobold zombie! 2 mummies come into view.
You closely miss the mummy. Your grab misses the mummy. The mummy hits you.
You hit the mummy but do no damage. You grab the mummy.
You constrict the mummy. The mummy barely misses you.
You hit the mummy but do no damage.
You squeeze the mummy, but do no damage.
The mummy is lightly damaged.
You constrict the mummy. The mummy hits you!!
Ouch! That really hurt!
* * * LOW HITPOINT WARNING * * *
You hit the mummy.
The mummy is lightly damaged.
You constrict the mummy. You barely miss the mummy.
The mummy is moderately damaged.
You constrict the mummy, but do no damage.
The mummy closely misses you.
You hit the mummy.
The mummy is heavily damaged.
You constrict the mummy. The mummy hits you!
Ouch! That really hurt!
You die...

.# .M #### M..
.... ##..## ....
....##....##....
................
........M.......
.......@......#
+##........##+#
##......##
##....## #....#
#....# #....#
#....# #....#


You could see a mummy.

Vanquished Creatures
  3 mummies (Ossuary)
  3 hobgoblin zombies (Ossuary)
  3 kobold zombies (Ossuary)
  2 orc zombies (Ossuary)
11 creatures vanquished.

Notes
Turn   | Place    | Note
-------+----------+-------------------------------------------
     0 | D:5      | Azuregosa the Octopode Delver began the quest for the Orb.
     0 | D:5      | Reached XP level 1. HP: 16/16 MP: 1/1
     1 | D:5      | Found a sand-covered staircase.
    10 | Ossuary  | Entered an ossuary
    64 | Ossuary  | Reached skill level 7 in Stealth
    64 | Ossuary  | Reached XP level 2. HP: 21/21 MP: 2/2
    91 | Ossuary  | Reached XP level 3. HP: 26/26 MP: 3/3
   120 | Ossuary  | Reached skill level 8 in Stealth
   141 | Ossuary  | Mangled by a mummy

Illustrated notes

Levels and vault maps discovered:
D:5:      layout_loops_corners, kennysheep_mini_moat,
          nicolae_ossuary_entry_monument, nrook_mini_backslash, uniq_sigmund
Ossuary:  ossuary_tomb_3

Skill      XL: |  1  2  3 |
---------------+----------+-----
Stealth        | 7 8 |  8.2
Fighting       | |  3.0
Long Blades    | |  2.0
Dodging        | |  2.0

Action                     || total
---------------------------++-------
  Melee: Falchion          ||    31
         Constrict         ||    11
         Tentacles         ||    11
         Punch             ||     1
    Use: Scroll            ||     1
 Armour: Skin              ||     8
  Dodge: Dodged            ||    14

Table legend: (Time is in decaauts)
 A = Elapsed time spent in this place.
 B = Non-inter-level travel time spent in this place.
 C = Inter-level travel time spent in this place.
 D = Time resting spent in this place.
 E = Time spent auto-exploring this place.
 F = Levels seen in this place.
 G = Mean time per level.
                   A        B        C        D        E       F      G
               +--------+--------+--------+--------+--------+-----+--------+
         Total |    146 |    146 |      0 |     12 |      0 |   2 |   73.0 |
       Dungeon |     10 |     10 |      0 |      0 |      0 |   1 |   10.0 |
       Ossuary |    136 |    136 |      0 |     12 |      0 |   1 |  136.0 |
               +--------+--------+--------+--------+--------+-----+--------+

Top non-repeatable levels by time:
 Ossuary: 136 daAuts
     D:5: 10 daAuts
